 Dungeon Crawl Stone Soup version 0.31.0-11-ge490571c62 (webtiles) character file.

Game seed: 12848925177597840679

302 sanka the Ruffian (level 6, -3/61 HPs)
             Began as a Troll Monk on Feb 2, 2024.
             Slain by a gnoll sergeant
             ... wielding a +3 spear of distortion
              (8 damage)
             ... on level 5 of the Dungeon.
             The game lasted 00:03:38 (2615 turns).

sanka the Ruffian (Troll Monk)                      Turns: 2615, Time: 00:03:39

Health: -3/61      AC:  4    Str: 20    XL:     6   Next: 14%
Magic:  5/5        EV: 10    Int:  6    God:
Gold:   271        SH:  0    Dex: 14    Spells: 5/5 levels left

rFire   . .          .
                       - Unarmed
rCold   . . .        c - orb {light}
rNeg    . . .        a - +0 robe
rPois   .            (helmet restricted)
rElec   .            (no cloak)
rCorr   +            (gloves unavailable)
SInv    .            (boots unavailable)
Will    .....        (no amulet)
Stlth   +            o - ring of resist corrosion
HPRegen 1.10/turn    (no ring)
MPRegen 0.09/turn

%: no passive effects
@: glowing
A: large, unfitting armour, claws 3, regeneration 1, shaggy fur 1, tough skin 1
a: no special abilities


You were on level 5 of the Dungeon.
You visited 1 branch of the dungeon, and saw 5 of its levels.

You collected 271 gold pieces.


Innate Abilities, Weirdness & Mutations

You are too large for most types of armour.
You have claws for hands.
Your natural rate of healing is unusually fast.
You are covered in fur. (AC +1)
You have tough skin. (AC +1)


   Skills:
 - Level 3.0 Fighting
 - Level 2.4 Dodging
 + Level 6.6 Unarmed Combat


You had 5 spell levels left.
You didn't know any spells.
Your spell library was empty.

Inventory:

Hand Weapons
 i - a +1 war axe of flaming
Armour
 a - a +0 robe (worn)
 c - an orb of light (worn)
Jewellery
 o - a ring of resist corrosion (left claw)
Scrolls
 d - 5 scrolls of identify {unknown}
 f - a scroll of revelation {unknown}
 h - a scroll of enchant armour {unknown}
 j - a scroll of enchant weapon {unknown}
 k - a scroll of amnesia {unknown}
Potions
 b - a potion of ambrosia
 e - 2 potions of lignification {unknown}
 g - a potion of brilliance {unknown}
 l - a potion of heal wounds {unknown}
 m - a potion of might {unknown}
 n - a potion of curing {unknown}
 p - a potion of cancellation {unknown}

Dungeon Overview and Level Annotations

Branches:
Dungeon (5/15)
 Temple: D:4-7

Altars:
Nemelex Xobeh
Wu Jian
Xom
Yredelemnul
Zin

Shops:
D:4

=
▒▒▒.....)....▒.......▒
.........▒▒▒▒▒▒▒▒▒▒▒▒▒
▒▒▒...▒†▒ ▒▒ ▒ ▒.▒▒..▒
▒. ▒..▒▒.▒..▒▒.▒..
▒....▒▒....▒ ▒
▒..▒▒.▒†.▒▒.▒.▒
▒..▒.▒▒..▒.▒▒..▒ .
▒....▒▒ggT.▒
▒..▒.▒▒..▒g▒▒..▒ ▒ ▒▒
▒..▒▒.▒..▒
▒g.gg▒▒....▒ ▒
▒g.▒▒.▒..▒▒.▒ . ▒..▒.▒
.. .g?▒▒.. .▒▒ ▒.▒▒
.▒. . ▒ . ▒. .


You could see a gnoll sergeant and 2 gnolls.


Message History

You hear a shout!
You hear a shout!
Unknown command.
A gnoll comes into view. It is wielding a +0 whip.
A gnoll comes into view. It is wielding a +0 club.
There are monsters nearby!
You start waiting.
There are monsters nearby!
You start waiting.
A gnoll sergeant is nearby!
You barely miss the gnoll sergeant.
The gnoll sergeant hits you with a +3 spear of distortion!
Space warps horribly around you!!
You scratch the gnoll sergeant.
The gnoll sergeant is lightly wounded.
The gnoll sergeant hits you with a +3 spear of distortion!
* * * LOW HITPOINT WARNING * * *
Space warps around you.
* * * LOW HITPOINT WARNING * * *
You scratch the gnoll sergeant but do no damage.
The gnoll sergeant is lightly wounded.
The gnoll sergeant hits you with a +3 spear of distortion.
* * * LOW HITPOINT WARNING * * *
Space warps horribly around you!
* * * LOW HITPOINT WARNING * * *
The gnoll misses you.
Unknown command.
The gnoll sergeant attacks as it pursues you!
The gnoll sergeant hits you with a +3 spear of distortion!
You die...

Action                     |  1- 3 |  4- 6 || total
---------------------------+-------+-------++-------
  Melee: Unarmed           |   100 |    90 ||   190
 Armour: Robe              |    66 |    66 ||   132
  Dodge: Dodged            |    48 |    37 ||    85

Levels and vault maps discovered:
D:1:      mrwooster_arrival_arrow, layout_basic
D:2:      minmay_wonky_spiral, layout_rooms
D:3:      layout_loops_ring, mainiacjoe_overflow_cross_hatched
D:4:      cheibrodos_greedy_goblins, layout_loops_cross, lemuel_tele_altar,
          overflow_temple_1_default, nzn_wu_jian_contemplation,
          nemelex_spade_bored_becter, serial_shops, nicolae_shop_real_fake_doors
D:5:      layout_basic, temple_hall, serial_shops, kennysheep_mini_moat,
          gup_sewer_entry_glass, corexii_leaking_fountain, nicolae_eternal_life,
          solitary_fountain, nicolae_half_adder

Notes
Turn   | Place    | Note
-------+----------+-------------------------------------------
     0 | D:1      | sanka the Troll Monk began the quest for the Orb.
     0 | D:1      | Reached XP level 1. HP: 22/22 MP: 0/0
   114 | D:1      | Reached XP level 2. HP: 29/29 MP: 1/1
   547 | D:1      | Reached skill level 3 in Fighting
   623 | D:2      | Reached XP level 3. HP: 34/37 MP: 2/2
   696 | D:2      | Reached skill level 4 in Unarmed Combat
   698 | D:2      | Identified the +6 chain mail "Buny" {rElec rC+ Will- Str+4}
  1262 | D:3      | Reached XP level 4. HP: 45/45 MP: 3/3
  1420 | D:3      | Found a shimmering altar of Xom.
  1830 | D:4      | Reached skill level 5 in Unarmed Combat
  1897 | D:4      | Found a sparkling altar of Nemelex Xobeh.
  1918 | D:4      | Found a basalt altar of Yredelemnul.
  2012 | D:4      | Reached XP level 5. HP: 48/53 MP: 4/4
  2055 | D:4      | Found Omuggim's Jewellery Shop.
  2229 | D:4      | Found a glowing silver altar of Zin.
  2306 | D:4      | Found an ornate altar of the Wu Jian Council.
  2398 | D:4      | Reached skill level 6 in Unarmed Combat
  2541 | D:5      | Entered Level 5 of the Dungeon
  2592 | D:5      | Reached XP level 6. HP: 61/61 MP: 5/5
  2614 | D:5      | HP: 4/61 [gnoll sergeant/+3 spear of distortion (16)]
  2615 | D:5      | Slain by a gnoll sergeant

Vanquished Creatures
  2 hounds (D:5)
  An orc priest (D:4)
  7 gnolls (D:4)
  5 adders
  2 dart slugs
  2 ribbon worms
  5 orcs
  10 ball pythons
  6 endoplasms
  4 giant cockroaches
  13 goblins
  10 hobgoblins
  2 jackals (D:3)
  3 kobolds (D:3)
  4 quokkas
  9 bats
  A frilled lizard (D:1)
  7 rats
93 creatures vanquished.
